TOP OF THE 1ST |
Mississippi Mockingbirds batting - Pitching for D.C. Divided : RHP Kent Martin
|
Pitching: RHP Kent Martin
|
|
Batting: LHB Jesús Lazcano
|
0-0: Ball 1-0: Fly out, F7 (Flyball, 78S, EV 76.2 MPH)
|
Batting: LHB Seb Blanch
|
0-0: Called Strike 0-1: Foul Ball, location: 2F 0-2: Ball 1-2: Ball 2-2: Strikes out looking
|
Batting: LHB Rylen Roersma
|
0-0: Ball 1-0: TRIPLE (Flyball, 78XD, EV 108.1 MPH)
|
Batting: RHB Júlio Coronado
|
0-0: Called Strike 0-1: Called Strike 0-2: Strikes out swinging
|
Top of the 1st over - 0 runs, 1 hit, 0 errors, 1 left on base; Mississippi 0 - D.C. 0 |
BOTTOM OF THE 1ST |
D.C. Divided batting - Pitching for Mississippi Mockingbirds : RHP Gary Ashley
|
Pitching: RHP Gary Ashley
|
|
Batting: RHB Kimi Okubo
|
0-0: Ball 1-0: Ball 2-0: Foul Ball, location: 2F 2-1: Ball 3-1: Foul Ball, location: 2F 3-2: DOUBLE (Flyball, 8RXD, EV 105.0 MPH)
|
Batting: LHB Bill Butler
|
0-0: Swinging Strike 0-1: Ball 1-1: SINGLE (Flyball, 7S, EV 85.0 MPH) Kimi Okubo to third Runner from 3rd tries for Home, SAFE, no throw by LF
|
Batting: RHB Martín Chávez
|
0-0: Ball 1-0: Ball 2-0: Fly out, F9 (Flyball, 9, EV 95.6 MPH)
|
Batting: LHB Stanley Zijm
|
0-0: Ball 1-0: Ball 2-0: Foul Ball, location: 2F 2-1: Foul Ball, location: 2F 2-2: Strikes out swinging
|
Batting: SHB Billy Dotson
|
0-0: Called Strike 0-1: Ball 1-1: Ball 2-1: Foul Ball, location: 2F 2-2: Fly out, F9 (Flyball, 9LS, EV 85.0 MPH)
|
Bottom of the 1st over - 1 run, 2 hits, 0 errors, 1 left on base; Mississippi 0 - D.C. 1 |
TOP OF THE 2ND |
Mississippi Mockingbirds batting - Pitching for D.C. Divided : RHP Kent Martin
|
Batting: RHB Doug Allerdale
|
0-0: Ground out 6-3 (Groundball, 6, EV 87.5 MPH)
|
Batting: SHB Jorge Indiano
|
0-0: Ball 1-0: Called Strike 1-1: Ground out 6-3 (Groundball, 6, EV 87.5 MPH)
|
Batting: LHB Warren King
|
0-0: Foul Ball, location: 2F 0-1: Called Strike 0-2: SINGLE (Groundball, 56D, EV 106.2 MPH)
|
Batting: LHB Wu-shun Chu
|
0-0: Called Strike Warren King steals 2nd base 0-1: Foul Ball, location: 2F 0-2: Ball 1-2: Strikes out swinging
|
Top of the 2nd over - 0 runs, 1 hit, 0 errors, 1 left on base; Mississippi 0 - D.C. 1 |
BOTTOM OF THE 2ND |
D.C. Divided batting - Pitching for Mississippi Mockingbirds : RHP Gary Ashley
|
Batting: LHB Buddy Patton
|
0-0: Called Strike 0-1: Fly out, F5 (Popup, 56, EV 81.9 MPH)
|
Batting: RHB Francisco Alhama
|
0-0: Ball 1-0: Ball 2-0: Called Strike 2-1: Foul Ball, location: 2F 2-2: Foul Ball, location: 2F 2-2: Fly out, F9 (Flyball, 9D, EV 84.4 MPH)
|
Batting: RHB Peni Ferede
|
0-0: Foul Ball, location: 2F 0-1: Called Strike 0-2: Strikes out swinging
|
Bottom of the 2nd over - 0 runs, 0 hits, 0 errors, 0 left on base; Mississippi 0 - D.C. 1 |
TOP OF THE 3RD |
Mississippi Mockingbirds batting - Pitching for D.C. Divided : RHP Kent Martin
|
Batting: RHB Jorge Muńóz
|
0-0: Ball 1-0: Ball 2-0: Ball 3-0: Base on Balls
|
Batting: LHB Jesús Lazcano
|
0-0: Ball 1-0: Ball 2-0: Fielders Choice at 2nd, 3-6 (Groundball, 3, EV 91.9 MPH)
|
Batting: LHB Seb Blanch
|
0-0: Ball 1-0: Foul Ball, location: 2F 1-1: Foul Ball, location: 2F 1-2: Grounds into double play, 1-6-3 (Groundball, 34S, EV 83.8 MPH)
|
Top of the 3rd over - 0 runs, 0 hits, 0 errors, 0 left on base; Mississippi 0 - D.C. 1 |
BOTTOM OF THE 3RD |
D.C. Divided batting - Pitching for Mississippi Mockingbirds : RHP Gary Ashley
|
Batting: RHB Germán Pérez
|
0-0: Ball 1-0: Called Strike 1-1: Ball 2-1: Ball 3-1: Ground out 5-3 (Groundball, 56, EV 83.1 MPH)
|
Batting: RHB Kimi Okubo
|
0-0: Foul Ball, location: 2F 0-1: Foul Ball, location: 2F 0-2: Strikes out swinging
|
Batting: LHB Bill Butler
|
0-0: Called Strike 0-1: Ball 1-1: SINGLE (Flyball, 78M, EV 92.5 MPH)
|
Batting: RHB Martín Chávez
|
0-0: Fly out, F9 (Flyball, 9, EV 95.0 MPH)
|
Bottom of the 3rd over - 0 runs, 1 hit, 0 errors, 1 left on base; Mississippi 0 - D.C. 1 |
TOP OF THE 4TH |
Mississippi Mockingbirds batting - Pitching for D.C. Divided : RHP Kent Martin
|
Batting: LHB Rylen Roersma
|
0-0: Called Strike 0-1: Called Strike 0-2: Ball 1-2: Ball 2-2: Ball 3-2: Foul Ball, location: 2F 3-2: Foul Ball, location: 2F 3-2: Fly out, F5 (Line Drive, 5, EV 66.9 MPH)
|
Batting: RHB Júlio Coronado
|
0-0: Ball 1-0: Swinging Strike 1-1: Foul Ball, location: 2F 1-2: DOUBLE (Flyball, 8RXD, EV 97.5 MPH)
|
Batting: RHB Doug Allerdale
|
0-0: Called Strike 0-1: Ball 1-1: Called Strike 1-2: Strikes out swinging
|
Batting: SHB Jorge Indiano
|
0-0: Called Strike 0-1: Ball 1-1: DOUBLE (Line Drive, 89XD, EV 103.8 MPH) Júlio Coronado scores
|
Batting: LHB Warren King
|
0-0: Called Strike 0-1: Called Strike 0-2: Ball 1-2: Strikes out swinging
|
Top of the 4th over - 1 run, 2 hits, 0 errors, 1 left on base; Mississippi 1 - D.C. 1 |
BOTTOM OF THE 4TH |
D.C. Divided batting - Pitching for Mississippi Mockingbirds : RHP Gary Ashley
|
Batting: LHB Stanley Zijm
|
0-0: Called Strike 0-1: Ball 1-1: Swinging Strike 1-2: Foul Ball, location: 2F 1-2: Ball 2-2: Strikes out looking
|
Batting: SHB Billy Dotson
|
0-0: Called Strike 0-1: Ball 1-1: Ball 2-1: Foul Ball, location: 2F 2-2: SINGLE (Line Drive, 7LS, EV 99.4 MPH)
|
Batting: LHB Buddy Patton
|
0-0: Swinging Strike 0-1: Foul Ball, location: 2F 0-2: SINGLE (Line Drive, 34D, EV 101.2 MPH) Billy Dotson to second
|
Batting: RHB Francisco Alhama
|
0-0: Swinging Strike 0-1: Foul Ball, location: 2F 0-2: Ball 1-2: Ball 2-2: SINGLE (Groundball, 6D, EV 107.5 MPH) Billy Dotson to third Buddy Patton to second
|
Batting: RHB Peni Ferede
|
0-0: Foul Ball, location: 2F 0-1: Ball 1-1: Called Strike 1-2: Strikes out swinging
|
Batting: RHB Germán Pérez
|
0-0: Ball 1-0: Ball 2-0: SINGLE (Line Drive, 78S, EV 90.0 MPH) Billy Dotson scores Buddy Patton to third Francisco Alhama to second Runner from 3rd tries for Home, SAFE, no throw by LF
|
Batting: RHB Kimi Okubo
|
0-0: Fielders Choice at 2nd, 5-4 (Groundball, 56, EV 81.2 MPH)
|
Bottom of the 4th over - 2 runs, 4 hits, 0 errors, 2 left on base; Mississippi 1 - D.C. 3 |
TOP OF THE 5TH |
Mississippi Mockingbirds batting - Pitching for D.C. Divided : RHP Kent Martin
|
Batting: LHB Wu-shun Chu
|
0-0: Swinging Strike 0-1: Foul Ball, location: 2F 0-2: Ball 1-2: Ground out U3 (Groundball, 3S, EV 85.6 MPH)
|
Batting: RHB Jorge Muńóz
|
0-0: Called Strike 0-1: Ball 1-1: Ball 2-1: Ball 3-1: SINGLE (Groundball, 6D, EV 109.4 MPH)
|
Batting: LHB Jesús Lazcano
|
0-0: Called Strike 0-1: Fly out, F8 (Flyball, 8LS, EV 88.1 MPH)
|
Batting: LHB Seb Blanch
|
0-0: Swinging Strike 0-1: Ball Wild Pitch! Jorge Muńóz to second 1-1: Called Strike 1-2: Ball 2-2: SINGLE (Groundball, 4MD, EV 107.5 MPH) Jorge Muńóz to third Runner from 3rd tries for Home, SAFE, no throw by CF
|
Batting: LHB Rylen Roersma
|
0-0: Hit by Pitch Seb Blanch to second
|
Batting: RHB Júlio Coronado
|
0-0: Ball 1-0: Ball 2-0: Called Strike 2-1: Swinging Strike 2-2: Hit by Pitch Seb Blanch to third Rylen Roersma to second
|
Batting: RHB Doug Allerdale
|
0-0: Called Strike 0-1: Ball 1-1: Called Strike 1-2: Ball 2-2: Ground out 5-3 (Groundball, 56S, EV 85.6 MPH)
|
Top of the 5th over - 1 run, 2 hits, 0 errors, 3 left on base; Mississippi 2 - D.C. 3 |
BOTTOM OF THE 5TH |
D.C. Divided batting - Pitching for Mississippi Mockingbirds : RHP Gary Ashley
|
Batting: LHB Bill Butler
|
0-0: Foul Ball, location: 2F 0-1: Ball 1-1: Foul Ball, location: 2F 1-2: Ball 2-2: Fly out, F8 (Flyball, 8LS, EV 95.0 MPH)
|
Batting: RHB Martín Chávez
|
0-0: Ball 1-0: Called Strike 1-1: SINGLE (Groundball, 4MD, EV 98.1 MPH)
|
Batting: LHB Stanley Zijm
|
0-0: Foul Ball, location: 2F 0-1: Ball 1-1: Ball 2-1: Called Strike 2-2: Strikes out swinging
|
Batting: SHB Billy Dotson
|
0-0: Ball 1-0: Called Strike 1-1: Ball 2-1: Ball 3-1: 2-RUN HOME RUN (Flyball, 78XD, EV 93.1 MPH), Distance : 447 ft
|
Batting: LHB Buddy Patton
|
0-0: Foul Ball, location: 2F 0-1: Ball 1-1: Ball 2-1: Foul Ball, location: 2F 2-2: Strikes out swinging
|
Bottom of the 5th over - 2 runs, 2 hits, 0 errors, 0 left on base; Mississippi 2 - D.C. 5 |
TOP OF THE 6TH |
Mississippi Mockingbirds batting - Pitching for D.C. Divided : RHP Kent Martin
|
Batting: SHB Jorge Indiano
|
0-0: Fly out, F6 (Line Drive, 6, EV 66.9 MPH)
|
Batting: LHB Warren King
|
0-0: Foul Ball, location: 2F 0-1: Called Strike 0-2: Ground out 1-3 (Groundball, 15S, EV 69.4 MPH)
|
Batting: LHB Wu-shun Chu
|
0-0: Called Strike 0-1: Fly out, F8 (Flyball, 8LM, EV 81.9 MPH)
|
Top of the 6th over - 0 runs, 0 hits, 0 errors, 0 left on base; Mississippi 2 - D.C. 5 |
BOTTOM OF THE 6TH |
D.C. Divided batting - Pitching for Mississippi Mockingbirds : RHP Gary Ashley
|
Pitching: RHP Clinton Repetto
|
|
Batting: RHB Francisco Alhama
|
0-0: Ball 1-0: Ball 2-0: Ball 3-0: Foul Ball, location: 2F 3-1: Ground out 6-3 (Groundball, 6, EV 85.6 MPH)
|
Batting: RHB Peni Ferede
|
0-0: Ball 1-0: SINGLE (Groundball, 4D, EV 98.1 MPH)
|
Batting: RHB Germán Pérez
|
0-0: Foul Ball, location: 2F 0-1: Ball 1-1: Foul Ball, location: 2F 1-2: Strikes out swinging
|
Batting: RHB Kimi Okubo
|
0-0: Ball 1-0: Called Strike 1-1: Called Strike 1-2: SINGLE (Line Drive, 78M, EV 102.5 MPH) Peni Ferede to second
|
Batting: LHB Bill Butler
|
0-0: Ball 1-0: Ball Wild Pitch! Peni Ferede to third Kimi Okubo to second 2-0: Called Strike 2-1: Called Strike 2-2: SINGLE (Flyball, 7LS, EV 90.6 MPH) Peni Ferede scores Kimi Okubo to third Runner from 3rd tries for Home, SAFE, throw by LF to home
|
Batting: RHB Martín Chávez
|
0-0: Ground out 4-3 (Groundball, 4, EV 87.5 MPH)
|
Bottom of the 6th over - 2 runs, 3 hits, 0 errors, 1 left on base; Mississippi 2 - D.C. 7 |
TOP OF THE 7TH |
Mississippi Mockingbirds batting - Pitching for D.C. Divided : RHP Kent Martin
|
Pitching: RHP José Hernández
|
|
Batting: RHB Jorge Muńóz
|
0-0: Called Strike 0-1: Swinging Strike 0-2: Strikes out swinging
|
Batting: LHB Jesús Lazcano
|
0-0: Fly out, F7 (Line Drive, 7, EV 85.0 MPH)
|
Batting: LHB Seb Blanch
|
0-0: Called Strike 0-1: DOUBLE (Line Drive, 7LS, EV 100.0 MPH)
|
Batting: LHB Rylen Roersma
|
0-0: Ball 1-0: DOUBLE (Flyball, 7LD, EV 91.2 MPH) Seb Blanch scores
|
Batting: RHB Júlio Coronado
|
0-0: Ball 1-0: Ball 2-0: Called Strike 2-1: Swinging Strike 2-2: Strikes out swinging
|
Top of the 7th over - 1 run, 2 hits, 0 errors, 1 left on base; Mississippi 3 - D.C. 7 |
BOTTOM OF THE 7TH |
D.C. Divided batting - Pitching for Mississippi Mockingbirds : RHP Clinton Repetto
|
Batting: LHB Stanley Zijm
|
0-0: Fly out, F9 (Flyball, 9LD, EV 102.5 MPH)
|
Batting: SHB Billy Dotson
|
0-0: Foul Ball, location: 2F 0-1: Called Strike 0-2: Foul Ball, location: 2F 0-2: SOLO HOME RUN (Flyball, 89XD, EV 90.6 MPH), Distance : 430 ft
|
Batting: LHB Buddy Patton
|
0-0: Fly out, F8 (Flyball, 8LS, EV 91.2 MPH)
|
Batting: RHB Francisco Alhama
|
0-0: Ball 1-0: Ball 2-0: Ball 3-0: Ground out 6-3 (Groundball, 6S, EV 81.9 MPH)
|
Bottom of the 7th over - 1 run, 1 hit, 0 errors, 0 left on base; Mississippi 3 - D.C. 8 |
TOP OF THE 8TH |
Mississippi Mockingbirds batting - Pitching for D.C. Divided : RHP José Hernández
|
Batting: RHB Doug Allerdale
|
0-0: Ball 1-0: Swinging Strike 1-1: Ball 2-1: Ball 3-1: Foul Ball, location: 2F 3-2: Base on Balls
|
Batting: SHB Jorge Indiano
|
0-0: SINGLE (Groundball, 4MD, EV 110.6 MPH) Doug Allerdale to second Runner from 2nd tries for 3rd, SAFE, no throw by CF
|
Batting: LHB Warren King
|
0-0: Foul Ball, location: 2F 0-1: Ball 1-1: Ball 2-1: Foul Ball, location: 2F 2-2: Ball 3-2: Strikes out swinging
|
Batting: LHB Wu-shun Chu
|
0-0: Fly out, F9 (Flyball, 9D, EV 103.8 MPH) Runner from 3rd tags up, SCORES, throw by RF
|
Batting: RHB Jorge Muńóz
|
0-0: Called Strike 0-1: SINGLE (Flyball, 7LS, EV 96.2 MPH) Jorge Indiano to second
|
Batting: LHB Jesús Lazcano
|
0-0: Fielders Choice at 2nd, U6 (Groundball, 6M, EV 87.5 MPH)
|
Top of the 8th over - 1 run, 2 hits, 0 errors, 2 left on base; Mississippi 4 - D.C. 8 |
BOTTOM OF THE 8TH |
D.C. Divided batting - Pitching for Mississippi Mockingbirds : RHP Clinton Repetto
|
Pitching: LHP Dan Stokes
|
|
Batting: RHB Peni Ferede
|
0-0: Called Strike 0-1: Ball 1-1: Foul Ball, location: 2F 1-2: Ball 2-2: Ground out 3-1 (Groundball, 34, EV 97.5 MPH)
|
Batting: RHB Germán Pérez
|
0-0: Called Strike 0-1: Ground out 4-3 (Groundball, 34D, EV 105.6 MPH)
|
Batting: RHB Kimi Okubo
|
0-0: Fly out, F7 (Flyball, 7LS, EV 93.1 MPH)
|
Bottom of the 8th over - 0 runs, 0 hits, 0 errors, 0 left on base; Mississippi 4 - D.C. 8 |
TOP OF THE 9TH |
Mississippi Mockingbirds batting - Pitching for D.C. Divided : RHP José Hernández
|
Batting: LHB Seb Blanch
|
0-0: Ball 1-0: Ball 2-0: Ball 3-0: Base on Balls
|
Pitching: RHP Nand Lal Chaudhary
|
|
Batting: LHB Rylen Roersma
|
0-0: Grounds into double play, 4-6-3 (Groundball, 4, EV 84.4 MPH)
|
Batting: RHB Júlio Coronado
|
0-0: Ball 1-0: Ball 2-0: Ball 3-0: Base on Balls
|
Batting: RHB Doug Allerdale
|
0-0: Ball 1-0: Ball 2-0: Reached on error, E1 (Groundball, 34S, EV 70.0 MPH) Júlio Coronado to third
|
Pitching: RHP Sidney Crosbie
|
|
Batting: SHB Jorge Indiano
|
0-0: Called Strike 0-1: Called Strike 0-2: Ball 1-2: Ball 2-2: Foul Ball, location: 2F 2-2: Ground out 4-3 (Groundball, 4, EV 86.2 MPH)
|
Top of the 9th over - 0 runs, 0 hits, 1 error, 2 left on base; Mississippi 4 - D.C. 8 |
|